 Dungeon Crawl Stone Soup version 0.31-a0-319-g4fced400ed (webtiles) character file.

Game seed: 12266872323462303878

55 testman the Cutter (level 3, -23/29 HPs)
             Began as a Demonspawn Gladiator on July 17, 2023.
             Was an Initiate of Ru.
             Annihilated by an ogre
             ... wielding a +0 giant spiked club
              (30 damage)
             ... on level 4 of the Dungeon.
             The game lasted 00:08:07 (1861 turns).

testman the Cutter (Demonspawn Gladiator)           Turns: 1861, Time: 00:08:09

Health: -23/29     AC:  4    Str: 14    XL:     3   Next: 67%
Magic:  3/3        EV: 12    Int: 15    God:    Ru [......]
Gold:   97         SH:  0    Dex: 16    Spells: 2/2 levels left

rFire   . . .        a - +0 rapier
rCold   . . .        (no shield)
rNeg    . . .        b - +0 leather armour
rPois   .            c - +0 helmet
rElec   .            (no cloak)
rCorr   .            (no gloves)
SInv    .            (no boots)
Will    .....        (no amulet)
Stlth   +            o - +6 ring of intelligence
HPRegen 0.24/turn    (no ring)
MPRegen 0.08/turn

%: no passive effects
@: lethally poisoned (-23 -> -31)
A: weakness stinger 1
a: Renounce Religion


You were on level 4 of the Dungeon.
You worshipped Ru.
Ru was noncommittal.
You visited 1 branch of the dungeon, and saw 4 of its levels.

You collected 97 gold pieces.

Inventory:

Hand Weapons
 a - a +0 rapier (weapon)
Missiles
 d - 2 throwing nets (quivered)
 e - 4 javelins
 h - 4 poisoned darts
Armour
 b - a +0 leather armour (worn)
 c - a +0 helmet (worn)
 r - +0 storm dragon scales
Jewellery
 o - a +6 ring of intelligence (left hand)
Scrolls
 f - a scroll of poison {unknown}
 j - a scroll of fear {unknown}
 k - 2 scrolls of teleportation {unknown}
 n - 2 scrolls of revelation {unknown}
 p - 2 scrolls of summoning {unknown}
 s - 2 scrolls of identify {unknown}
 u - a scroll of fog {unknown}
Potions
 g - a potion of ambrosia {unknown}
 i - a potion of degeneration {unknown}
 l - a potion of resistance {unknown}
 m - a potion of attraction {unknown}
 q - a potion of heal wounds {unknown}
 t - 2 potions of berserk rage {unknown}


   Skills:
 + Level 3.0 Fighting
 - Level 3.0 Short Blades
 + Level 2.7 Throwing
 + Level 0.1 Armour
 + Level 2.7 Dodging


You had 2 spell levels left.
You didn't know any spells.
Your spell library contained the following spells:

 Spells                   Type           Power      Damage    Failure   Level
 Sting                    Tmut/Pois      0%         1d3       34%         1
 Poisonous Vapours        Pois/Air       0%         N/A       45%         2
 Sublimation of Blood     Necr           0%         N/A       45%         2
 Wereblood                Tmut           0%         N/A       45%         2
 Olgreb's Toxic Radiance  Pois           0%         N/A       98%         4
 Summon Hydra             Summ           0%         N/A       100%        7


Dungeon Overview and Level Annotations

Branches:
Dungeon (4/15)
 Temple: D:4-7

Altars:
Cheibriados
Ru

Shops:
D:2 :

Annotations:
D:2 Sigmund


Innate Abilities, Weirdness & Mutations

You have a small tail.


Message History

You hit the ogre.
The ogre is moderately wounded.
The ogre struggles against the net.
You hit the ogre but do no damage.
The ogre is moderately wounded.
The ogre struggles against the net.
The net rips apart, and the ogre comes free!
You puncture the ogre!
You tail-slap the ogre, but do no damage.
The ogre is heavily wounded.
The ogre closely misses you. The scorpion stings you.
You are poisoned.
The scorpion poisons you!
You hit the ogre.
You tail-slap the ogre, but do no damage.
The ogre is severely wounded.
You feel sick. The scorpion stings you.
You barely miss the ogre.
You tail-slap the ogre, but do no damage.
The ogre is severely wounded.
You feel sick.
The ogre looks more healthy.
The ogre closely misses you. The scorpion closely misses you.
You closely miss the ogre.
The ogre is severely wounded.
You feel sick. The scorpion stings you. The ogre misses you.
You hit the ogre. You tail-slap the ogre.
The ogre is almost dead.
You feel sick. The scorpion barely misses you. The scorpion stings you.
You are lethally poisoned!
The scorpion poisons you!
You are too injured to fight recklessly!
You are too injured to fight recklessly!
You are too injured to fight recklessly!
You hit the ogre. You tail-slap the ogre.
The ogre is almost dead.
* * * LOW HITPOINT WARNING * * *
You feel very sick.
The ogre hits you with a +0 giant spiked club!!
Ouch! That really hurt!
You die...

...........
...((...$.#
..........#
....$.....#
.....(....#
.....(....#
#...O...#
#...s@..#
#.....<.#
#.......+
#.......#
#.......#
♣.♣.....#
#.......#
♣.♣.....+
#.......#


You could see an ogre and a scorpion.

Vanquished Creatures
  A worm (D:2)
  2 dart slugs
  An orc (D:3)
  2 bats (D:1)
  An endoplasm (D:3)
  5 giant cockroaches
  3 goblins
  4 hobgoblins
  2 jackals (D:3)
  3 quokkas
  5 ball pythons
  A frilled lizard (D:3)
  7 kobolds
  5 rats
42 creatures vanquished.

Notes
Turn   | Place    | Note
-------+----------+-------------------------------------------
     0 | D:1      | testman the Demonspawn Gladiator began the quest for the
                  | Orb.
     0 | D:1      | Reached XP level 1. HP: 16/16 MP: 1/1
   194 | D:1      | Gained mutation: You have a small tail. [demonic ancestry]
   194 | D:1      | Reached XP level 2. HP: 22/22 MP: 2/2
   829 | D:2      | Found a snail-covered altar of Cheibriados.
   870 | D:2      | Found Sorhisty's Book Shoppe.
  1013 | D:2      | Noticed Sigmund
  1138 | D:2      | Reached XP level 3. HP: 21/28 MP: 3/3
  1459 | D:3      | Found a sacrificial altar of Ru.
  1469 | D:3      | Became a worshipper of Ru the Awakened
  1846 | D:4      | Noticed an ogre
  1850 | D:4      | Noticed a scorpion
  1861 | D:4      | Annihilated by an ogre

Illustrated notes

Levels and vault maps discovered:
D:1:      dpeg_arrival_arbitrary_c, layout_basic
D:2:      layout_rooms, serial_shops, shop, basic_altar, uniq_sigmund
D:3:      layout_rooms, nicolae_ru_path_of_blood
D:4:      layout_gridville, lemuel_coloured_pillars_altar,
          pdpol_wu_jian_five_deadly_venoms, serial_forest,
          infiniplex_forest_straight_2, infiniplex_forest_clump_small,
          infiniplex_forest_clump_long, infiniplex_forest_clump_diagonal,
          infiniplex_forest_lined_2, infiniplex_forest_corner_1, st_stairs_11

Skill      XL: |  1  2  3 |
---------------+----------+-----
Throwing       | 2 |  2.7
Short Blades   | 3 |  3.0
Fighting       | 3 |  3.0
Armour         | |  0.1
Dodging        | |  2.7

Action                     || total
---------------------------++-------
  Melee: Rapier            ||   148
         Tailslap          ||    10
         Punch             ||     2
  Throw: Dart              ||     5
         Throwing net      ||     1
 Armour: Leather armour    ||    40
  Dodge: Dodged            ||   116

Table legend: (Time is in decaauts)
 A = Elapsed time spent in this place.
 B = Non-inter-level travel time spent in this place.
 C = Inter-level travel time spent in this place.
 D = Time resting spent in this place.
 E = Time spent auto-exploring this place.
 F = Levels seen in this place.
 G = Mean time per level.
                   A        B        C        D        E       F      G
               +--------+--------+--------+--------+--------+-----+--------+
         Total |   1869 |   1721 |    148 |      0 |   1312 |   4 |  467.2 |
       Dungeon |   1869 |   1721 |    148 |      0 |   1312 |   4 |  467.2 |
               +--------+--------+--------+--------+--------+-----+--------+

Top non-repeatable levels by time:
     D:1: 978 daAuts
     D:3: 509 daAuts
     D:2: 366 daAuts
     D:4: 14 daAuts
